 Dungeon Crawl Stone Soup version 0.21.1-1-g345015f (webtiles) character file.

4595 tidbits the Magician (level 10, -5/66 HPs)
             Began as a Gnoll Earth Elementalist on Feb 8, 2018.
             Was a Follower of Cheibriados.
             Slain by an orc warrior
             ... wielding a +1 dire flail of protection
              (23 damage)
             ... on level 8 of the Dungeon.
             The game lasted 00:25:41 (1863 turns).

tidbits the Magician (Gnoll Earth Elementalist)     Turns: 1863, Time: 00:25:42

Health: -5/66      AC: 13    Str: 17    XL:     10   Next: 41%
Magic:  21/29      EV: 17    Int: 23    God:    Cheibriados [*.....]
Gold:   187        SH:  0    Dex: 19    Spells: 5/23 levels left

rFire    . . .     SeeInvis .   b - +0 dagger (venom)
rCold    + + +     Gourm    .   (no shield)
rNeg     . . .     Faith    .   B - +2 robe {rC+}
rPois    .         Spirit   .   E - +1 hat
rElec    .         Reflect  .   (no cloak)
rCorr    .         Harm     .   (no gloves)
MR       +....                  F - +5 pair of boots of Ecuyst {rC+ MR+ MP+9}
Stlth    ++++......             (no amulet)
HPRegen  0.21/turn              r - ring of protection from cold
MPRegen  0.21/turn              m - +3 ring of strength

@: very slightly contaminated, very slow
A: distributed training, fangs 1, slimy green scales 1, deterioration 1, frail
1, strong nose
a: Bend Time, Renounce Religion


You were on level 8 of the Dungeon.
You worshipped Cheibriados.
Cheibriados was aware of your devotion.
You were not hungry.

You visited 2 branches of the dungeon, and saw 9 of its levels.
You also visited: Ossuary.

You collected 269 gold pieces.
You spent 82 gold pieces at shops.

Inventory:

Hand Weapons
 a - a +2 war axe of electrocution
   (You found it on level 8 of the Dungeon)
 b - a +0 dagger of venom (weapon)
   (You took it off an orc wizard on level 7 of the Dungeon)
 f - a +0 hunting sling
 s - a +3 scimitar of flaming
   (You took it off Erica on level 8 of the Dungeon)
Missiles
 h - 3 javelins
 n - 42 arrows
 o - 5 curare-tipped needles
 p - 127 stones (quivered)
 w - 5 tomahawks
Armour
 c - a +0 robe
 t - a +0 leather armour
 B - a +2 robe of cold resistance (worn)
   (You took it off Erica on level 8 of the Dungeon)
 E - a +1 hat (worn)
 F - the +5 pair of boots of Ecuyst (worn) {rC+ MR+ MP+9}
   (You found it on level 7 of the Dungeon)

   It protects you from cold.
   It affects your resistance to hostile enchantments.
   It affects your magic capacity (+9).
Magical Staves
 k - an uncursed staff of death
   (You found it on level 4 of the Dungeon)
Jewellery
 m - a +3 ring of strength (right hand)
   (You took it off a centaur on level 7 of the Dungeon)
 r - a ring of protection from cold (left hand)
   (You found it on level 8 of the Dungeon)
Wands
 j - a wand of polymorph (12)
Scrolls
 i - a scroll of identify
 l - a scroll of fear
 q - 2 scrolls of vulnerability {unknown}
Potions
 u - a potion of agility
 v - a potion of curing
Books
 e - a book of Geomancy

   Spells                             Type                      Level
   a - Sandblast                      Earth                        1
   b - Passwall                       Transmutation/Earth          2
   c - Stone Arrow                    Conjuration/Earth            3
   d - Petrify                        Transmutation/Earth          4
   e - Lee's Rapid Deconstruction     Earth                        5
 g - a book of Changes
   (You found it on level 2 of the Dungeon)

   Spells                             Type                      Level
   a - Beastly Appendage              Transmutation                1
   b - Sticks to Snakes               Transmutation                2
   c - Spider Form                    Transmutation/Poison         3
   d - Ice Form                       Ice/Transmutation            4
   e - Blade Hands                    Transmutation                5
Comestibles
 d - 7 rations


   Skills:
 + Level 5.1 Fighting
 + Level 5.1 Short Blades
 + Level 5.1 Long Blades
 + Level 5.1 Axes
 + Level 5.1 Maces & Flails
 + Level 5.1 Polearms
 + Level 5.1 Staves
 + Level 5.1 Slings
 + Level 5.1 Bows
 + Level 5.1 Crossbows
 + Level 5.1 Throwing
 + Level 5.1 Armour
 + Level 7.0 Dodging
 + Level 6.7 Stealth
 + Level 5.1 Shields
 + Level 5.1 Unarmed Combat
 + Level 7.3 Spellcasting
 + Level 4.2 Conjurations
 + Level 4.2 Hexes
 + Level 4.2 Charms
 + Level 4.2 Summonings
 + Level 4.2 Necromancy
 + Level 4.2 Translocations
 + Level 4.8 Transmutations
 + Level 4.2 Fire Magic
 + Level 4.2 Ice Magic
 + Level 4.2 Air Magic
 + Level 7.0 Earth Magic
 + Level 4.2 Poison Magic
 + Level 5.6 Invocations
 + Level 5.1 Evocations


You had 5 spell levels left.
You knew the following spells:

 Your Spells              Type           Power        Failure   Level  Hunger
a - Sandblast             Erth           #####.       1%          1    None
e - Petrify               Tmut/Erth      #####...     6%          4    ###....
h - Spider Form           Tmut/Pois      ####......   3%          3    None
k - Sticks to Snakes      Tmut           ####....     1%          2    None
p - Passwall              Tmut/Erth      #####.....   1%          2    None
u - Beastly Appendage     Tmut           ####..       1%          1    None
D - Lee's Rapid Deconstr  Erth           #####.....   12%         5    #####..


Dungeon Overview and Level Annotations

Branches:
Dungeon (8/15)             Temple (1/1) D:6
   Lair: D:8-11

Altars:
Cheibriados
Dithmenos
Elyvilon
Makhleb
Nemelex Xobeh
Vehumet
Xom
Zin

Shops:
D:5 *   D:7 (

Annotations:
D:4 Dowan, Duvessa, Edmund


Innate Abilities, Weirdness & Mutations

Your experience applies equally to all skills.
You have very sharp teeth.
Your uncanny sense of smell can sniff out nearby items.
You are partially covered in slimy green scales. (AC +2)
Your body sometimes deteriorates upon taking damage.
You are frail. (-10% HP)


Message History

Things that are here:
a club; 2 tomahawks; a chain mail
w - 5 tomahawks (gained 2)
Okay, then.
Found a scroll labeled NACEOD KUDOFI.
A hound comes into view.
Unknown command.
Casting: Petrify
Confirm with . or Enter, or press ? or * to list all spells.
Aiming: Petrify
Press: ? - help, Shift-Dir - straight line, f - hound
Aim: a hound (hasn't noticed you, chance to defeat MR: 71%)
The hound is moving more slowly.
The hound completely misses you. The hound bites you but does no damage.
You see here a scroll labeled NACEOD KUDOFI.
q - 2 scrolls labeled NACEOD KUDOFI (gained 1)
The hound stops moving altogether!
The helpless hound fails to defend itself.
You perforate the hound like a sieve!!!
You kill the hound!
Found 17 stones.
You see here 17 stones.
p - 131 stones (gained 17)
Your magical contamination has completely faded away.
An orc warrior and 2 orc priests come into view.
The orc warrior is wielding a dire flail of protection.
The orc priest shouts! x2; The orc warrior shouts!
You hear a shout!
An orc comes into view.
The orc priest invokes the aid of Beogh against you.
Beogh smites you!
The orc priest mumbles some strange prayers to Beogh against you.
Beogh smites you!
* * * LOW HITPOINT WARNING * * *
Okay, then.
Casting: Petrify
Confirm with . or Enter, or press ? or * to list all spells.
Aiming: Sandblast
Press: ? - help, Shift-Dir - straight line, f - orc priest
Aim: an orc priest, wielding a mace and wearing a ring mail The blast of sand hits the orc priest.
The orc priest is moderately wounded.
p - 130 stones
Casting: Sandblast
Confirm with . or Enter, or press ? or * to list all spells.
Aiming: Sandblast
Press: ? - help, Shift-Dir - straight line, f/p - orc priest
Aim: an orc priest, wielding a mace and wearing a ring mail (moderately wounded)
The blast of sand misses the orc priest.
p - 129 stones The orc priest hits you with a mace.
* * * LOW HITPOINT WARNING * * *
Casting: Sandblast
Confirm with . or Enter, or press ? or * to list all spells.
Aiming: Sandblast
Press: ? - help, Shift-Dir - straight line, f/p - orc priest
Aim: an orc priest, wielding a mace and wearing a ring mail (moderately wounded)
The blast of sand hits the orc priest.
The orc priest is moderately wounded.
p - 128 stones Evoke which item? (* to show all) (? for menu, Esc to quit)
Okay, then.
Evoke which item? (* to show all) (? for menu, Esc to quit)
Aiming: Polymorph
Press: ? - help, Shift-Dir - straight line, f/p - orc priest
Aim: an orc priest, wielding a mace and wearing a ring mail (moderately wounded, chance to defeat MR: 62%)
Okay, then.
Evoke which item? (* to show all) (? for menu, Esc to quit)
Aiming: Polymorph
Press: ? - help, Shift-Dir - straight line, f - orc warrior
Aim: an orc warrior, wielding a dire flail of protection and wearing a plate armour (chance to defeat MR: 62%)
The orc warrior resists with significant effort.
The flow of time bends around you.
Cheibriados rebukes the orc priest.
The orc priest seems to slow down.
Cheibriados rebukes the orc warrior.
The orc warrior seems to slow down.
You feel slightly more hungry.
The orc warrior hits you with a dire flail of protection!
* * * LOW HITPOINT WARNING * * *
The orc priest looks satisfied for a moment.
Casting: Sandblast
Confirm with . or Enter, or press ? or * to list all spells.
Aiming: Sandblast
Press: ? - help, Shift-Dir - straight line, f - orc priest, p - orc warrior
Aim: an orc priest, wielding a mace and wearing a ring mail (moderately wounded, slow)
The blast of sand hits the orc priest.
You kill the orc priest!
p - 127 stones
There are no items here.
Unknown command.
Casting: Sandblast
Confirm with . or Enter, or press ? or * to list all spells.
Aiming: Sandblast
Press: ? - help, Shift-Dir - straight line, f - orc priest
Aim: an orc priest, wielding a club and wearing a scale mail You miscast Sandblast.
You are very lightly contaminated with residual magic.
Nothing appears to happen.
The orc warrior hits you with a dire flail of protection!!
You die...

#.......≈
#########......≈≈
#...............≈
#########.## #.........
...........#####.......)≈
######................≈≈
###...#####.....###≈
#ooo....†.....### #≈
#.#@..####....# .≈
#o##.## #....# #.≈
#.##..........# +.≈
#o########....# ≈ #o#
.....# ∆ #.# ##....# #.#
#....# #.# #....# #....#


You could see an orc warrior, an orc priest and an orc.

Vanquished Creatures
  Erica (D:8)
  2 two-headed ogres (D:8)
  The ghost of zhorgal the Changer, a novice GnWn (D:6)
  Pikel (D:4)
  An ice beast (D:8)
  2 orc warriors
  A sky beast (D:7)
  2 ogres
  A centaur (D:7)
  A crocodile (D:8)
  A big kobold (D:3)
  A bullfrog (D:6)
  A wyvern skeleton (D:7)
  A scorpion (D:5)
  2 howler monkeys (D:7)
  An electric eel (D:8)
  2 crimson imps
  A quasit (D:7)
  3 orc priests
  3 hounds
  A human zombie (Ossuary)
  An orc wizard (D:7)
  5 worker ants
  3 big kobold zombies (Ossuary)
  A hound zombie (Ossuary)
  2 hound skeletons
  3 mummies (Ossuary)
  4 adders
  A shadow imp (D:7)
  An adder skeleton (D:6)
  2 adder zombies (Ossuary)
  A dart slug (D:8)
  2 leopard geckos (D:4)
  11 orcs
  A goblin (D:2)
  A hobgoblin (D:2)
  5 jackals
  2 frilled lizards
  A goblin zombie (Ossuary)
  4 hobgoblin zombies (Ossuary)
  10 jackal zombies
  2 kobold zombies (Ossuary)
  A leopard gecko skeleton (D:6)
  A quokka zombie (Ossuary)
  2 rat zombies (Ossuary)
97 creatures vanquished.

Vanquished Creatures (collateral kills)
  A human zombie (Ossuary)
  An orc (D:6)
  A goblin zombie (Ossuary)
  A kobold zombie (Ossuary)
  An orc zombie (Ossuary)
5 creatures vanquished.

Grand Total: 102 creatures vanquished

Notes
Turn   | Place    | Note
-------+----------+-------------------------------------------
     0 | D:1      | tidbits the Gnoll Earth Elementalist began the quest for the Orb.
     0 | D:1      | Reached XP level 1. HP: 13/13 MP: 6/6
    52 | D:2      | Learned a level 1 spell: Beastly Appendage
    66 | D:3      | Noticed a big kobold
    69 | D:3      | Killed a big kobold
    69 | D:3      | Reached skill level 1 in Fighting
    69 | D:3      | Reached skill level 1 in Short Blades
    69 | D:3      | Reached skill level 1 in Long Blades
    69 | D:3      | Reached skill level 1 in Axes
    69 | D:3      | Reached skill level 1 in Maces & Flails
    69 | D:3      | Reached skill level 1 in Polearms
    69 | D:3      | Reached skill level 1 in Staves
    69 | D:3      | Reached skill level 1 in Slings
    69 | D:3      | Reached skill level 1 in Bows
    69 | D:3      | Reached skill level 1 in Crossbows
    69 | D:3      | Reached skill level 1 in Throwing
    69 | D:3      | Reached skill level 1 in Armour
    69 | D:3      | Reached skill level 1 in Shields
    69 | D:3      | Reached skill level 1 in Unarmed Combat
    69 | D:3      | Reached skill level 5 in Spellcasting
    69 | D:3      | Reached skill level 2 in Transmutations
    69 | D:3      | Reached skill level 1 in Invocations
    69 | D:3      | Reached skill level 1 in Evocations
    69 | D:3      | Reached XP level 2. HP: 21/21 MP: 4/8
    69 | D:3      | Reached XP level 3. HP: 26/26 MP: 4/9
    69 | D:3      | Reached XP level 4. HP: 32/32 MP: 4/11
    73 | D:3      | Learned a level 2 spell: Passwall
    76 | D:3      | Learned a level 2 spell: Sticks to Snakes
    80 | D:3      | Learned a level 3 spell: Spider Form
   110 | D:4      | Found a white marble altar of Elyvilon.
   127 | D:4      | Noticed Duvessa
   127 | D:4      | Noticed Dowan
   149 | D:4      | Noticed Edmund
   208 | D:4      | Noticed Pikel
   208 | D:4      | Noticed a slave
   208 | D:4      | Noticed a slave
   209 | D:4      | Noticed a slave
   209 | D:4      | Noticed a slave
   224 | D:4      | Killed Pikel
   224 | D:4      | Reached skill level 2 in Fighting
   224 | D:4      | Reached skill level 2 in Short Blades
   224 | D:4      | Reached skill level 2 in Long Blades
   224 | D:4      | Reached skill level 2 in Axes
   224 | D:4      | Reached skill level 2 in Maces & Flails
   224 | D:4      | Reached skill level 2 in Polearms
   224 | D:4      | Reached skill level 2 in Staves
   224 | D:4      | Reached skill level 2 in Slings
   224 | D:4      | Reached skill level 2 in Bows
   224 | D:4      | Reached skill level 2 in Crossbows
   224 | D:4      | Reached skill level 2 in Throwing
   224 | D:4      | Reached skill level 2 in Armour
   224 | D:4      | Reached skill level 5 in Dodging
   224 | D:4      | Reached skill level 2 in Shields
   224 | D:4      | Reached skill level 2 in Unarmed Combat
   224 | D:4      | Reached skill level 1 in Conjurations
   224 | D:4      | Reached skill level 1 in Hexes
   224 | D:4      | Reached skill level 1 in Charms
   224 | D:4      | Reached skill level 1 in Summonings
   224 | D:4      | Reached skill level 1 in Necromancy
   224 | D:4      | Reached skill level 1 in Translocations
   224 | D:4      | Reached skill level 1 in Fire Magic
   224 | D:4      | Reached skill level 1 in Ice Magic
   224 | D:4      | Reached skill level 1 in Air Magic
   224 | D:4      | Reached skill level 1 in Poison Magic
   224 | D:4      | Reached skill level 2 in Invocations
   224 | D:4      | Reached skill level 2 in Evocations
   224 | D:4      | Reached XP level 5. HP: 24/38 MP: 2/13
   224 | D:4      | Reached XP level 6. HP: 28/44 MP: 2/14
   224 | D:4      | Reached XP level 7. HP: 32/50 MP: 2/15
   266 | D:5      | Entered Level 5 of the Dungeon
   438 | D:5      | Reached skill level 2 in Conjurations
   438 | D:5      | Reached skill level 2 in Hexes
   438 | D:5      | Reached skill level 2 in Charms
   438 | D:5      | Reached skill level 2 in Summonings
   438 | D:5      | Reached skill level 2 in Necromancy
   438 | D:5      | Reached skill level 2 in Translocations
   438 | D:5      | Reached skill level 2 in Fire Magic
   438 | D:5      | Reached skill level 2 in Ice Magic
   438 | D:5      | Reached skill level 2 in Air Magic
   438 | D:5      | Reached skill level 2 in Poison Magic
   448 | D:5      | Found Bawengup's Assorted Antiques.
   451 | D:5      | Bought a murky amethyst potion for 16 gold pieces
   451 | D:5      | Bought a scroll labeled ENUECI KUAZED for 18 gold pieces
   451 | D:5      | Bought a fuming sapphire potion for 16 gold pieces
   451 | D:5      | Bought a glowing orange potion for 16 gold pieces
   451 | D:5      | Bought a murky amethyst potion for 16 gold pieces
   472 | D:5      | Reached skill level 3 in Transmutations
   489 | D:5      | Reached skill level 5 in Stealth
   513 | D:6      | Reached skill level 3 in Invocations
   610 | D:6      | Reached XP level 8. HP: 57/57 MP: 13/16
   708 | D:7      | Reached skill level 6 in Earth Magic
   784 | D:7      | Reached skill level 3 in Fighting
   784 | D:7      | Reached skill level 3 in Short Blades
   784 | D:7      | Reached skill level 3 in Long Blades
   784 | D:7      | Reached skill level 3 in Axes
   784 | D:7      | Reached skill level 3 in Maces & Flails
   784 | D:7      | Reached skill level 3 in Polearms
   784 | D:7      | Reached skill level 3 in Staves
   784 | D:7      | Reached skill level 3 in Slings
   784 | D:7      | Reached skill level 3 in Bows
   784 | D:7      | Reached skill level 3 in Crossbows
   784 | D:7      | Reached skill level 3 in Throwing
   784 | D:7      | Reached skill level 3 in Armour
   784 | D:7      | Reached skill level 3 in Shields
   784 | D:7      | Reached skill level 3 in Unarmed Combat
   784 | D:7      | Reached skill level 3 in Evocations
   819 | D:7      | Found Refuwn's Antique Weapon Shoppe.
   827 | D:7      | Reached skill level 6 in Spellcasting
   834 | D:7      | Learned a level 4 spell: Petrify
   897 | D:7      | Found a white marble altar of Elyvilon.
   925 | D:7      | Got a pair of smoking boots
   931 | D:7      | Identified the +5 pair of boots of Ecuyst {rC+ MR+ MP+9} (You found it on level 7 of the Dungeon)
   947 | D:7      | Found a shimmering altar of Xom.
  1022 | D:6      | Noticed zhorgal's ghost (novice GnWn)
  1050 | D:6      | Killed zhorgal's ghost
  1050 | D:6      | Reached skill level 4 in Fighting
  1050 | D:6      | Reached skill level 4 in Short Blades
  1050 | D:6      | Reached skill level 4 in Long Blades
  1050 | D:6      | Reached skill level 4 in Axes
  1050 | D:6      | Reached skill level 4 in Maces & Flails
  1050 | D:6      | Reached skill level 4 in Polearms
  1050 | D:6      | Reached skill level 4 in Staves
  1050 | D:6      | Reached skill level 4 in Slings
  1050 | D:6      | Reached skill level 4 in Bows
  1050 | D:6      | Reached skill level 4 in Crossbows
  1050 | D:6      | Reached skill level 4 in Throwing
  1050 | D:6      | Reached skill level 4 in Armour
  1050 | D:6      | Reached skill level 6 in Dodging
  1050 | D:6      | Reached skill level 4 in Shields
  1050 | D:6      | Reached skill level 4 in Unarmed Combat
  1050 | D:6      | Reached skill level 3 in Conjurations
  1050 | D:6      | Reached skill level 3 in Hexes
  1050 | D:6      | Reached skill level 3 in Charms
  1050 | D:6      | Reached skill level 3 in Summonings
  1050 | D:6      | Reached skill level 3 in Necromancy
  1050 | D:6      | Reached skill level 3 in Translocations
  1050 | D:6      | Reached skill level 4 in Transmutations
  1050 | D:6      | Reached skill level 3 in Fire Magic
  1050 | D:6      | Reached skill level 3 in Ice Magic
  1050 | D:6      | Reached skill level 3 in Air Magic
  1050 | D:6      | Reached skill level 3 in Poison Magic
  1050 | D:6      | Reached skill level 4 in Invocations
  1050 | D:6      | Reached skill level 4 in Evocations
  1050 | D:6      | Reached XP level 9. HP: 38/65 MP: 13/18
  1129 | D:6      | Gained mutation: You expend magic power (3 MP) to strengthen your wands. [mutagenic glow]
  1163 | D:6      | Gained mutation: Scrolls take you a little longer to read. [mutagenic glow]
  1244 | D:6      | Found a staircase to the Ecumenical Temple.
  1254 | Temple   | Entered the Ecumenical Temple
  1267 | Temple   | Became a worshipper of Cheibriados the Contemplative
  1312 | D:8      | Found a sand-covered staircase.
  1317 | Ossuary  | Entered an ossuary
  1368 | Ossuary  | Reached skill level 6 in Stealth
  1417 | Ossuary  | Lost mutation: Scrolls take you a little longer to read. [potion of mutation]
  1417 | Ossuary  | Lost mutation: You expend magic power (3 MP) to strengthen your wands. [potion of mutation]
  1417 | Ossuary  | Gained mutation: Your body sometimes deteriorates upon taking damage. [potion of mutation]
  1417 | Ossuary  | Gained mutation: You are frail. (-10% HP) [potion of mutation]
  1417 | Ossuary  | Gained mutation: You are partially covered in slimy green scales. (AC +2) [potion of mutation]
  1500 | Ossuary  | Reached * piety under Cheibriados
  1590 | D:8      | Noticed Erica
  1605 | D:8      | Killed Erica
  1605 | D:8      | Reached skill level 5 in Invocations
  1646 | D:8      | HP: 1/59 [crocodile (20)]
  1683 | D:8      | Learned a level 5 spell: Lee's Rapid Deconstruction
  1743 | D:8      | Noticed a two-headed ogre
  1751 | D:8      | Killed a two-headed ogre
  1751 | D:8      | Reached skill level 7 in Spellcasting
  1751 | D:8      | Reached skill level 4 in Conjurations
  1751 | D:8      | Reached skill level 4 in Hexes
  1751 | D:8      | Reached skill level 4 in Charms
  1751 | D:8      | Reached skill level 4 in Summonings
  1751 | D:8      | Reached skill level 4 in Necromancy
  1751 | D:8      | Reached skill level 4 in Translocations
  1751 | D:8      | Reached skill level 4 in Fire Magic
  1751 | D:8      | Reached skill level 4 in Ice Magic
  1751 | D:8      | Reached skill level 4 in Air Magic
  1751 | D:8      | Reached skill level 4 in Poison Magic
  1751 | D:8      | Reached XP level 10. HP: 29/65 MP: 20/20
  1801 | D:8      | Reached skill level 5 in Fighting
  1801 | D:8      | Reached skill level 5 in Short Blades
  1801 | D:8      | Reached skill level 5 in Long Blades
  1801 | D:8      | Reached skill level 5 in Axes
  1801 | D:8      | Reached skill level 5 in Maces & Flails
  1801 | D:8      | Reached skill level 5 in Polearms
  1801 | D:8      | Reached skill level 5 in Staves
  1801 | D:8      | Reached skill level 5 in Slings
  1801 | D:8      | Reached skill level 5 in Bows
  1801 | D:8      | Reached skill level 5 in Crossbows
  1801 | D:8      | Reached skill level 5 in Throwing
  1801 | D:8      | Reached skill level 5 in Armour
  1801 | D:8      | Reached skill level 5 in Shields
  1801 | D:8      | Reached skill level 5 in Unarmed Combat
  1801 | D:8      | Reached skill level 5 in Evocations
  1806 | D:8      | Noticed a two-headed ogre
  1825 | D:8      | Killed a two-headed ogre
  1825 | D:8      | Reached skill level 7 in Dodging
  1825 | D:8      | Reached skill level 7 in Earth Magic
  1863 | D:8      | Slain by an orc warrior

Skill      XL: |  1  2  3  4  5  6  7  8  9 10 |
---------------+-------------------------------+-----
Fighting       | 1 2 4 5 |  5.1
Short Blades   | 1 2 4 5 |  5.1
Long Blades    | 1 2 4 5 |  5.1
Axes           | 1 2 4 5 |  5.1
Maces & Flails | 1 2 4 5 |  5.1
Polearms       | 1 2 4 5 |  5.1
Staves         | 1 2 4 5 |  5.1
Slings         | 1 2 4 5 |  5.1
Bows           | 1 2 4 5 |  5.1
Crossbows      | 1 2 4 5 |  5.1
Throwing       | 1 2 4 5 |  5.1
Armour         | 1 2 4 5 |  5.1
Shields        | 1 2 4 5 |  5.1
Unarmed Combat | 1 2 4 5 |  5.1
Spellcasting   | 5 6 7 |  7.3
Transmutations | 2 3 4 |  4.8
Invocations    | 1 2 3 4 5 |  5.6
Evocations     | 1 2 4 5 |  5.1
Dodging        | 5 6 7 |  7.0
Conjurations   | 1 2 3 4 |  4.2
Hexes          | 1 2 3 4 |  4.2
Charms         | 1 2 3 4 |  4.2
Summonings     | 1 2 3 4 |  4.2
Necromancy     | 1 2 3 4 |  4.2
Translocations | 1 2 3 4 |  4.2
Fire Magic     | 1 2 3 4 |  4.2
Ice Magic      | 1 2 3 4 |  4.2
Air Magic      | 1 2 3 4 |  4.2
Poison Magic   | 1 2 3 4 |  4.2
Stealth        | 5 6 |  6.7
Earth Magic    | 6 7 |  7.0

Action                   |  1- 3 |  4- 6 |  7- 9 | 10-12 || total
-------------------------+-------+-------+-------+-------++-------
Melee: Unarmed           |       |     8 |   199 |       ||   207
       Dagger            |       |       |    45 |     6 ||    51
       Punch             |       |       |     2 |     1 ||     3
       Bite              |       |       |     1 |     1 ||     2
 Cast: Sandblast         |     5 |     5 |    55 |     9 ||    74
       Passwall          |       |     4 |    10 |       ||    14
       Spider Form       |       |     1 |    14 |       ||    15
       Beastly Appendage |       |     1 |       |       ||     1
       Sticks to Snakes  |       |       |     7 |       ||     7
       Petrify           |       |       |     7 |     3 ||    10
Invok: Bend Time         |       |       |     1 |     1 ||     2
 Abil: End Transformatio |       |       |     1 |       ||     1
Evoke: Wand              |       |       |       |     2 ||     2
  Use: Scroll            |       |       |     7 |       ||     7
       Potion            |       |       |    12 |       ||    12
 Stab: Sleeping          |       |       |    13 |       ||    13
       Petrified         |       |       |     8 |     4 ||    12
       Distracted        |       |       |     1 |       ||     1
       Petrifying        |       |       |     1 |       ||     1
  Eat: Chunk             |       |       |     1 |       ||     1
       Ration            |       |       |     1 |       ||     1
Armor: Skin              |       |       |    47 |       ||    47
       Leather armour    |       |       |    12 |       ||    12
       Robe              |       |       |       |     2 ||     2
Dodge: Dodged            |       |     7 |   182 |     5 ||   194

Table legend:
 A = Turns spent in this place as a percentage of turns spent in the entire game.
 B = Non-inter-level travel turns spent in this place as a percentage of non-inter-level travel turns spent in the entire game.
 C = Inter-level travel turns spent in this place as a percentage of turns spent in this place.
 D = Turns resting spent in this place as a percentage of non-inter-level travel turns spent in this place.
 E = Turns spent auto-exploring this place as a percentage of non-inter-level travel turns spent in this place.
 F = Non-inter-level travel turns spent in this place divided by the number of levels of this place that you've seen.
                   A       B       C       D       E      F
               +-------+-------+-------+-------+-------+----------------------
         Total | 100.0 | 100.0 |   2.4 |   0.0 |   0.0 | 181.9
       Dungeon |  84.5 |  84.6 |   2.2 |   0.0 |   0.0 | 192.4
        Temple |   1.3 |   0.8 |  37.5 |   0.0 |   0.0 |  15.0
       Ossuary |  14.2 |  14.6 |   0.0 |   0.0 |   0.0 | 265.0
               +-------+-------+-------+-------+-------+----------------------

Table legend:
 A = Kills in this place as a percentage of kills in entire the game.
 B = Kills by you in this place as a percentage of kills by you in the entire game.
 C = Kills by friends in this place as a percentage of kills by friends in the entire game.
 D = Other kills in this place as a percentage of other kills in the entire game.
 E = Experience gained in this place as a percentage of experience gained in the entire game.
 F = Experience gained in this place divided by the number of levels of this place that you have seen.
                   A       B       C       D       E      F
               +-------+-------+-------+-------+-------+----------------------
         Total | 100.0 | 100.0 | 100.0 |   N/A | 100.0 | 656.5
       Dungeon |  67.6 |  70.1 |  20.0 |   N/A |  96.3 | 789.9
       Ossuary |  32.4 |  29.9 |  80.0 |   N/A |   3.7 | 246.0
               +-------+-------+-------+-------+-------+----------------------

Vault maps used:
D:1:      shiori_arrival_maze, serial_forest, infiniplex_forest_end_3,
          infiniplex_forest_split, infiniplex_forest_end_2,
          infiniplex_forest_lined_1, infiniplex_forest_clump_small,
          infiniplex_forest_fountain, infiniplex_forest_lined_room_2
D:2:      first_ration
D:4:      serial_shops, kennysheep_little_box, elyvilon_altar_1, uniq_pikel,
          uniq_duvessa, uniq_edmund
D:5:      serial_shops, shop
D:6:      temple_statues, roderic_batcave, st_stairs_3
D:7:      kennysheep_mini, serial_shops, shop, basic_altar
D:8:      argonaut_augean_stables, enter_ossuary_5,
          hangedman_little_slice_of_home, uniq_erica
Temple:   regret_index_temple_sigil_plot
Ossuary:  minmay_ossuary_two_tombs
